 Dungeon Crawl Stone Soup version 0.26-a0-651-gb41185065b (webtiles) character file.

Game seed: 14377745936840371874

56409 Loge the Severer (level 14, 132/132 HPs)
             Began as a Minotaur Berserker on Jan 12, 2020.
             Was a High Priest of Trog.
             Quit the game on level 6 of the Lair of Beasts on Oct 5, 2020.
             The game lasted 01:03:18 (18594 turns).

Loge the Severer (Minotaur Berserker)              Turns: 18594, Time: 01:03:19

Health: 132/132    AC: 20    Str: 27    XL:     14   Next: 41%
Magic:  13/13      EV: 10    Int:  4    God:    Trog [*****.]
Gold:   1555       SH: 19    Dex: 10    Spells: 13/13 levels left

rFire    . . .     SeeInvis +   V - +3 war axe of Plunder {vorpal, *Contam rC+ rN+}
rCold    + . .     Faith    .   F - +0 tower shield
rNeg     + . .     Spirit   .   O - +0 plate armour
rPois    +         Reflect  .   (helmet restricted)
rElec    .         Harm     .   g - +2 cloak {rPois}
rCorr    .         Rampage  .   o - +0 pair of gloves
MR       ++...                  (no boots)
Stlth    ..........             Y - amulet of regeneration
HPRegen  0.32/turn              s - ring "Sera Qan" {MR+ SInv}
MPRegen  0.13/turn              (no ring)

@: no status effects
A: retaliatory headbutt, horns 2
a: Berserk, Trog's Hand, Brothers in Arms, Renounce Religion


You were on level 6 of the Lair of Beasts.
You worshipped Trog.
Trog was extremely pleased with you.
You visited 3 branches of the dungeon, and saw 19 of its levels.
You also visited: Sewer.

You collected 1555 gold pieces.

Inventory:

Hand Weapons
 a - a +2 vorpal broad axe
 b - a +0 war axe of flaming
 B - a +2 vorpal battleaxe
 H - a +2 antimagic executioner's axe
 V - the +3 war axe of Plunder (weapon) {vorpal, *Contam rC+ rN+}
   (You found it on level 5 of the Lair of Beasts)

   It inflicts extra damage upon your enemies.
   It protects you from cold.
   It protects you from negative energy.
   It causes magical contamination when unequipped.
 X - a +5 vorpal war axe
Missiles
 e - 449 stones
 q - 109 poisoned darts (quivered)
 C - 278 arrows
 J - 2 throwing nets {!f}
 N - 6 atropa-tipped darts
Armour
 g - a +2 cloak of poison resistance (worn)
 o - a +0 pair of gloves (worn)
 F - a +0 tower shield (worn)
 O - a +0 plate armour (worn)
Jewellery
 d - an uncursed ring of ice
 s - the ring "Sera Qan" (left hand) {MR+ SInv}
   (You took it off a spriggan on level 6 of the Lair of Beasts)

   [ring of see invisible]

   It affects your resistance to hostile enchantments.
   It lets you see invisible.
 G - an uncursed amulet of reflection
 L - an uncursed ring of ice
 Y - an amulet of regeneration (around neck)
Wands
 m - a wand of iceblast (10)
 t - a wand of acid (13)
 u - a wand of enslavement (20)
 I - a wand of polymorph (8)
 P - a wand of disintegration (7)
 Q - a wand of paralysis (10)
 T - a wand of digging (8)
 W - a wand of flame (14)
Scrolls
 i - 5 scrolls of enchant armour
 j - a scroll of identify {@r1}
 k - 2 scrolls of fog
 w - a scroll of noise {unknown}
 x - 2 scrolls of remove curse {@r2}
 y - 8 scrolls of teleportation {@r3}
 M - 3 scrolls of enchant weapon
 S - a scroll of fear
 U - a scroll of summoning {unknown}
Potions
 f - 2 potions of lignification {!q}
 h - 12 potions of curing {@q1}
 l - 5 potions of heal wounds {@q2}
 n - 2 potions of mutation {!q}
 p - 8 potions of brilliance
 r - 3 potions of haste
 v - 4 potions of flight
 z - a potion of might
 A - 2 potions of resistance
 D - a potion of magic
 E - a potion of stabbing
 K - a potion of ambrosia
Comestibles
 c - 27 removed foods
 Z - 7 removed foods


   Skills:
 + Level 14.1 Fighting
 + Level 16.6 Axes
 + Level 12.1 Armour
 + Level 11.3 Dodging
 + Level 12.1 Shields


You had 13 spell levels left.
You didn't know any spells.
Your spell library was empty.

Dungeon Overview and Level Annotations

Branches:
Dungeon (11/15)            Temple (0/1) D:6            Lair (6/6) D:9
 Shoals (0/4) Lair:4       Spider (0/4) Lair:3        Slime (0/5) Lair:6
    Orc (2/2) D:9             Elf (0/3) Orc:2         Sewer (visited)

Altars:
Ashenzari
Dithmenos
Elyvilon
Gozag
Kikubaaqudgha
Qazlal
Ru
Sif Muna
Trog
Uskayaw
Xom
Zin
The Shining One
Beogh

Shops:
D:4 *   D:7 !   Orc:2 ((}:[}?[

Annotations:
Lair:6 exclusions: 4 oklob plants, wolf and 6 more exclusions


Innate Abilities, Weirdness & Mutations

You reflexively headbutt those who attack you in melee.
You have a pair of horns on your head.


Message History

You butcher the black bear corpse.
Z - 8 chunks of flesh (gained 3)
You see here a black bear skeleton. x2
Things that are here:
a cursed -2 short sword; a +0 robe An oklob plant comes into view.
Marking area around an oklob plant as unsafe for travelling.
There is a stone staircase leading up here.
Partly explored, can't reach some places.
Partly explored, can't reach some places.
Partly explored, can't reach some places.
Saving game... please wait.
Level annotation: exclusions: 4 oklob plants, wolf and 6 more exclusions Welcome back, Loge the Minotaur Berserker.
Trog says: Kill them all!
Press ? for a list of commands and other information.
Quiver which item? (- for none, * to show all) (? for menu, Esc to quit)
Okay, then.
Are you sure you want to abandon this character and quit the game? (Confirm with "yes".)

.....##.#.......P......#...## #
#..#..##......#.......#####.# #
..####.......###?.....# ###
..##P.....÷....##.....## ########
.###......).######.....###......#
##PP.....÷#######...#............
.........#####P.P.?#......P..###.
..................<...P..###.##.#
.....#..#..#..#.@#....#..######..
##...###..######P##.....#..[..##.
##### ##.# ####.............? ###
##...P#........ #..#...........
##..#.......... #..P.......PPP.
##........P.. P ##......%...


P P There were no monsters in sight!

Vanquished Creatures
  Snorg (Lair:3)
  A catoblepas (Lair:3)
  4 hydras
  3 two-headed ogres
  An ogre mage (Orc:1)
  9 death yaks
  An orc high priest (Orc:2)
  An unseen horror (D:8)
  6 orc knights
  5 orc sorcerers
  11 elephants
  2 black mambas (Lair:6)
  8 cane toads
  6 komodo dragons
  A merfolk (Lair:4)
  5 jumping spiders (Lair:3)
  2 polar bears (Lair:6)
  3 trolls
  2 hornets
  14 blink frogs
  A dream sheep (Lair:6)
  8 hippogriffs
  5 redbacks (Lair:3)
  4 spriggans
  A shadow (D:10)
  2 wyverns
  43 yaks
  3 basilisks
  A removed hungry ghost (D:10)
  6 wargs
  10 water moccasins
  4 porcupines
  2 black bears
  38 orc warriors
  4 ice beasts
  15 ogres
  3 phantoms
  2 sky beasts
  4 necrophages (D:9)
  A boggart (Lair:6)
  22 wolves
  3 crocodiles
  9 centaurs
  15 bullfrogs
  A wyvern zombie (D:10)
  3 scorpions
  A wyvern skeleton (D:8)
  2 water moccasin skeletons (D:10)
  10 wights
  3 howler monkeys (D:8)
  A bullfrog zombie (D:9)
  3 crimson imps
  2 hounds
  Crazy Yiuf (D:2)
  14 orc priests
  3 jellies
  21 orc wizards
  A centaur skeleton (D:4)
  A gnoll shaman (D:10)
  Natasha (thrice) (D:2)
  Terence (D:3)
  3 iguanas
  6 worker ants
  7 hell rats (Lair:5)
  A hound zombie (D:5)
  2 hound skeletons
  2 worker ant zombies
  10 gnolls
  14 adders
  2 river rats (Sewer)
  2 shadow imps (D:5)
  An ooze (Lair:6)
  2 adder skeletons
  5 worms
  3 dart slugs
  7 leopard geckos
  84 orcs
  9 ball pythons
  6 bats
  3 giant cockroaches
  4 goblins
  8 hobgoblins
  4 jackals
  4 quokkas
  4 frilled lizards
  21 kobolds
  2 quokka skeletons
  26 rats
  4 fungi
  4 plants
613 creatures vanquished.

Vanquished Creatures (collateral kills)
  A hippogriff (Lair:6)
  A water moccasin (Lair:6)
  A jelly (Lair:6)
3 creatures vanquished.

Vanquished Creatures (others)
  An orc wizard (D:5)
  3 bushes (Lair:6)
  7 fungi
  A plant (Lair:6)
12 creatures vanquished.

Grand Total: 628 creatures vanquished

Notes
Turn   | Place    | Note
-------+----------+-------------------------------------------
     0 | D:1      | Loge the Minotaur Berserker began the quest for the Orb.
     0 | D:1      | Reached XP level 1. HP: 19/19 MP: 0/0
   151 | D:1      | Reached skill level 4 in Axes
   250 | D:1      | Reached XP level 2. HP: 24/27 MP: 1/1
   652 | D:2      | Reached XP level 3. HP: 26/33 MP: 2/2
   739 | D:2      | Found a runed translucent door.
   740 | D:2      | Noticed Crazy Yiuf
   782 | D:2      | Noticed Natasha
   794 | D:2      | Killed Natasha
   794 | D:2      | Reached skill level 5 in Axes
   794 | D:2      | Reached XP level 4. HP: 41/41 MP: 3/3
   846 | D:2      | Reached ** piety under Trog
   947 | D:2      | Noticed Natasha
   951 | D:2      | Killed Natasha
  1051 | D:2      | Found a sacrificial altar of Ru.
  1201 | D:2      | Killed Crazy Yiuf
  1244 | D:2      | Noticed Natasha
  1255 | D:2      | Killed Natasha
  1255 | D:2      | Reached skill level 5 in Fighting
  1255 | D:2      | Reached skill level 6 in Axes
  1255 | D:2      | Reached XP level 5. HP: 48/48 MP: 4/4
  1365 | D:3      | Noticed Terence
  2172 | D:3      | Killed Terence
  2520 | D:4      | Reached XP level 6. HP: 56/56 MP: 5/5
  2523 | D:4      | Found Afehusan's General Store.
  2586 | D:4      | Found a glowing drain.
  2608 | Sewer    | Entered a sewer
  2649 | Sewer    | Reached *** piety under Trog
  2766 | Sewer    | Reached skill level 7 in Axes
  2897 | Sewer    | Reached **** piety under Trog
  3181 | D:4      | Found a glowing golden altar of the Shining One.
  3265 | D:4      | Found an opulent altar of Gozag.
  3288 | D:4      | Found a bloodstained altar of Trog.
  3570 | D:5      | Entered Level 5 of the Dungeon
  3618 | D:5      | Reached XP level 7. HP: 62/62 MP: 6/6
  3830 | D:5      | Reached skill level 8 in Axes
  3974 | D:5      | Reached ***** piety under Trog
  3974 | D:5      | Received a gift from Trog
  4207 | D:6      | Reached XP level 8. HP: 66/71 MP: 7/7
  4213 | D:6      | Reached skill level 5 in Armour
  4405 | D:6      | Found a staircase to the Ecumenical Temple.
  4415 | D:6      | Reached skill level 9 in Axes
  4452 | D:6      | Reached skill level 5 in Dodging
  4520 | D:6      | Noticed a two-headed ogre
  4536 | D:6      | Killed a two-headed ogre
  4536 | D:6      | Reached skill level 10 in Axes
  4536 | D:6      | Reached XP level 9. HP: 24/80 MP: 8/8
  5419 | D:7      | Received a gift from Trog
  5470 | D:7      | Found Vaes Rauqu's Distillery.
  5507 | D:7      | Found a stormy altar of Qazlal.
  5518 | D:7      | Reached skill level 11 in Axes
  5773 | D:8      | Found a white marble altar of Elyvilon.
  5997 | D:8      | Found a hide-covered altar of Uskayaw.
  6124 | D:8      | Reached XP level 10. HP: 61/90 MP: 9/9
  6277 | D:8      | Killed an unseen horror
  6277 | D:8      | Reached skill level 12 in Axes
  6756 | D:8      | Received a gift from Trog
  7164 | D:9      | Noticed a two-headed ogre
  7165 | D:9      | Found a staircase to the Lair.
  7179 | D:8      | Killed a two-headed ogre
  7417 | D:9      | Found a shimmering altar of Xom.
  7424 | D:9      | Found a sacrificial altar of Ru.
  7456 | D:9      | Found an ancient bone altar of Kikubaaqudgha.
  7505 | D:9      | Found an opulent altar of Gozag.
  7548 | D:9      | Found a staircase to the Orcish Mines.
  7630 | D:9      | Reached skill level 13 in Axes
  7747 | D:9      | Reached skill level 10 in Fighting
  7861 | D:9      | Reached XP level 11. HP: 94/99 MP: 10/10
  7983 | D:9      | Found a shadowy altar of Dithmenos.
  7983 | D:9      | Found a faded altar of an unknown god.
  7988 | D:9      | Found a shimmering blue altar of Sif Muna.
  7993 | D:9      | Found a shattered altar of Ashenzari.
  7994 | D:9      | Found a faded altar of an unknown god.
  8117 | D:9      | Noticed an angel
  8118 | D:9      | Found a glowing silver altar of Zin.
  8175 | Lair:1   | Entered Level 1 of the Lair of Beasts
  8175 | Lair:1   | Noticed a seven-headed hydra
  8180 | D:9      | Killed a five-headed hydra
  8443 | D:10     | Entered Level 10 of the Dungeon
  8770 | D:10     | Received a gift from Trog
  9176 | Orc:1    | Entered Level 1 of the Orcish Mines
  9292 | Orc:1    | Reached skill level 14 in Axes
  9666 | Orc:2    | Entered Level 2 of the Orcish Mines
  9666 | Orc:2    | Found a staircase to the Elven Halls.
  9698 | Orc:1    | Noticed an orc sorcerer
  9702 | Orc:1    | Killed an orc sorcerer
  9976 | Orc:1    | Noticed an ogre mage
  9976 | Orc:1    | Noticed a two-headed ogre
  9976 | Orc:1    | Noticed an orc sorcerer
  9976 | Orc:1    | Noticed an orc sorcerer
  9976 | Orc:1    | Noticed an orc sorcerer
  9983 | Orc:2    | Killed an orc sorcerer
 10130 | Orc:1    | Killed an orc sorcerer
 10130 | Orc:1    | Killed a two-headed ogre
 10134 | Orc:2    | Killed an orc sorcerer
 10134 | Orc:2    | Reached skill level 5 in Shields
 10136 | Orc:2    | Received a gift from Trog
 10344 | Orc:1    | Killed an ogre mage
 10498 | Orc:2    | Noticed an orc knight
 10498 | Orc:2    | Noticed an orc knight
 10499 | Orc:2    | Found Ecroric's Armour Emporium.
 10499 | Orc:2    | Found Zeepsal's Magic Scroll Boutique.
 10499 | Orc:2    | Noticed an orc sorcerer
 10499 | Orc:2    | Noticed an orc knight
 10521 | Orc:1    | Reached XP level 12. HP: 40/110 MP: 3/11
 11560 | Orc:2    | Found Weah's Gadget Shoppe.
 11609 | Orc:2    | Found Gynuqor's Book Boutique.
 11610 | Orc:2    | Found Dooqavid's Gadget Shoppe.
 11612 | Orc:2    | Found Daff's Armour Boutique.
 11744 | Orc:2    | Noticed an orc high priest
 11753 | Orc:2    | Killed an orc high priest
 11753 | Orc:2    | Reached skill level 15 in Axes
 11957 | Orc:2    | Found a roughly hewn altar of Beogh.
 11976 | Orc:2    | Found Vymmuiz's Antique Weapon Emporium.
 11976 | Orc:2    | Found Utay's Weapon Boutique.
 12296 | Orc:2    | Found a roughly hewn altar of Beogh.
 12531 | Lair:1   | Noticed a six-headed hydra
 12541 | Lair:1   | Received a gift from Trog
 12544 | Lair:1   | Reached skill level 10 in Armour
 12547 | Lair:1   | Killed a one-headed hydra
 12547 | Lair:1   | Reached skill level 10 in Shields
 13223 | Lair:2   | Reached XP level 13. HP: 111/119 MP: 12/12
 14335 | Lair:3   | Noticed Snorg
 14352 | Lair:3   | Killed Snorg
 14391 | Lair:2   | Upgraded the game from 0.25-a0-404-gc1b5a34292 to
                  | 0.25-a0-435-g4b9beb1024
 14699 | Lair:3   | Found a hole to the Spider Nest.
 14732 | Lair:3   | Reached skill level 10 in Dodging
 16014 | Lair:4   | Found a staircase to the Shoals.
 16160 | Lair:4   | Reached skill level 16 in Axes
 16544 | Lair:5   | Got a crude war axe
 16545 | Lair:5   | Identified the +3 war axe of Plunder {vorpal, *Contam rC+
                  | rN+} (You found it on level 5 of the Lair of Beasts)
 16660 | Lair:5   | Received a gift from Trog
 16860 | Lair:5   | You fall into a shaft and drop 1 floor!
 16860 | Lair:6   | Entered Level 6 of the Lair of Beasts
 16860 | Lair:6   | Found a staircase to the Slime Pits.
 16891 | Lair:6   | Reached XP level 14. HP: 79/130 MP: 13/13
 18129 | Lair:6   | Identified the ring "Sera Qan" {MR+ SInv}
 18401 | Lair:6   | Received a gift from Trog
 18594 | Lair:6   | Upgraded the game from 0.25-a0-435-g4b9beb1024 to
                  | 0.26-a0-651-gb41185065b
 18594 | Lair:6   | Quit the game

Illustrated notes

Levels and vault maps discovered:
D:1:      scummos_arrival_hexagon, layout_basic
D:2:      layout_rooms, minmay_misc_feat_rows, nicolae_ru_the_path_less_chosen,
          uniq_crazy_yiuf_cottage, uniq_natasha
D:3:      layout_loops_cross, wad_floor_pattern_untrapped, uniq_terence
D:4:      layout_basic, lemuel_round_altar, lemuel_crystal_altar,
          cheibrodos_sewer_entry_bend, serial_shops,
          nicolae_shop_temple_entry_statues_fountains, grunt_gozag_statues
D:5:      layout_loops_ring, first_ration
D:6:      layout_rooms, minmay_temple_entry_trees, minmay_circle_x
D:7:      layout_loops_cross, grunt_qazlal_sundering, serial_shops, shop
D:8:      layout_basic, eat_drink_and_be_merry_uskayaw, elyvilon_altar_4
D:9:      layout_gridville, zin_angel, marbit_many_paths,
          gammafunk_temple_overflow_forgotten,
          chequers_temple_overflow_minitemple, david_lair_generic, orc_0_dummy,
          serial_undead, serial_undead_c, serial_undead_a, serial_undead_f,
          serial_undead_b, the_bakery
D:10:     layout_basic
D:11:     layout_loops_ring, portal_ice_cave_entry_imps, serial_shops, shop
Lair:1:   layout_regular_city, infiniplex_staircase_pool, serial_bayou_shore_b
Lair:2:   layout_layer_cave
Lair:3:   layout_cave_pods, nicolae_spider_entry_tight_spaces, uniq_snorg
Lair:4:   layout_long_grid, elwin_shoals_entry_rooms, beast_lair_carwin_7,
          grunt_megastairs_1, serial_bayou_shore_b
Lair:5:   layout_layer_cave, serial_forest, infiniplex_forest_end_2,
          infiniplex_forest_straight_3, infiniplex_forest_end_1,
          infiniplex_forest_clump_diagonal, infiniplex_forest_zigzag_1,
          infiniplex_forest_end_2, infiniplex_forest_clump_small,
          lemuel_fruit_fields
Lair:6:   minmay_lair_end_enchanted_forest, layout_misc_corridors,
          nicolae_slime_entry_slimehenge, st_stairs_9, dpeg_oklob_1
Orc:1:    layout_caves
Orc:2:    st_orc_town, layout_caves, basic_altar, serial_shops, shop,
          guppyfry_orc_lava_fort

Skill      XL: |  1  2  3  4  5  6  7  8  9 10 11 12 13 14 |
---------------+-------------------------------------------+-----
Axes           | 4 5 6 7 8 10 11 13 14 15 16 | 16.6
Fighting       | 4 5 6 7 8 10 11 12 13 14 | 14.1
Armour         | 3 4 6 7 9 10 11 12 | 12.1
Dodging        | 3 4 5 6 8 9 10 11 | 11.3
Shields        | 6 10 11 12 | 12.1

Action                   |  1- 3 |  4- 6 |  7- 9 | 10-12 | 13-15 || total
-------------------------+-------+-------+-------+-------+-------++-------
Melee: Hand axe          |    42 |    16 |       |       |       ||    58
       Headbutt          |     6 |    26 |    36 |   124 |   103 ||   295
       Mace              |       |   174 |    40 |       |       ||   214
       War axe           |       |       |   153 |   473 |   409 ||  1035
       Executioner's axe |       |       |       |    34 |       ||    34
       Battleaxe         |       |       |       |    68 |       ||    68
       Broad axe         |       |       |       |    38 |    82 ||   120
Throw: Dart              |       |     1 |       |       |       ||     1
Invok: Berserk           |     2 |     6 |     3 |     9 |     6 ||    26
       Trog's Hand       |       |       |       |     8 |     6 ||    14
       Brothers in Arms  |       |       |       |       |     1 ||     1
Evoke: Wand              |       |       |       |     2 |       ||     2
  Use: Scroll            |       |     7 |     3 |     5 |     8 ||    23
 Stab: Sleeping          |       |     1 |       |       |       ||     1
       Distracted        |       |       |       |       |     1 ||     1
  Eat: Removed food      |     1 |    14 |    12 |    35 |    15 ||    77
       Removed food      |       |       |       |       |     3 ||     3
Armor: Animal skin       |     5 |     4 |       |       |       ||     9
       Chain mail        |       |   101 |   114 |    54 |       ||   269
       Leather armour    |       |     2 |       |       |       ||     2
       Plate armour      |       |       |       |   232 |   152 ||   384
Dodge: Dodged            |    37 |   107 |    99 |   215 |   105 ||   563
Block: Tower shield      |       |       |       |   185 |   456 ||   641

Table legend: (Time is in decaauts)
 A = Elapsed time spent in this place.
 B = Non-inter-level travel time spent in this place.
 C = Inter-level travel time spent in this place.
 D = Time resting spent in this place.
 E = Time spent auto-exploring this place.
 F = Levels seen in this place.
 G = Mean time per level.
                   A        B        C        D        E       F      G
               +--------+--------+--------+--------+--------+-----+--------+
         Total |  18752 |  17682 |   1070 |   3718 |  10172 |  20 |  937.6 |
       Dungeon |   9013 |   8240 |    773 |   1587 |   4998 |  11 |  819.4 |
          Lair |   6148 |   5941 |    207 |    819 |   3885 |   6 | 1024.7 |
  Orcish Mines |   3076 |   2987 |     89 |   1312 |    941 |   2 | 1538.0 |
         Sewer |    514 |    514 |      0 |      0 |    348 |   1 |  514.0 |
               +--------+--------+--------+--------+--------+-----+--------+
